 Dungeon Crawl Stone Soup version 0.30-a0-1160-g6e42c06551 (webtiles) character file.

Game seed: 15585299982205835801

7 LustLizard the Slasher (level 2, -8/24 HPs)
             Began as a Human Chaos Knight on Apr 25, 2023.
             Was a Plaything of Xom.
             Mangled by a two-headed ogre (glowing shapeshifter) (12 damage)
             ... on level 1 of the Dungeon.
             The game lasted 00:01:11 (200 turns).

LustLizard the Slasher (Human Chaos Knight)          Turns: 200, Time: 00:01:12

Health: -8/24      AC:  7    Str: 12    XL:     2   Next: 10%
Magic:  2/2        EV: 11    Int: 12    God:    Xom [..*...]
Gold:   0          SH:  0    Dex: 12    Spells: 1/1 levels left

rFire   . . .        a - +0 falchion (chaos)
rCold   . . .        (no shield)
rNeg    . . .        b - +2 leather armour
rPois   .            (no helmet)
rElec   .            (no cloak)
rCorr   .            d - +1 pair of gloves
SInv    .            (no boots)
Will    .....        (no amulet)
Stlth   +            (no ring)
HPRegen 0.24/turn    (no ring)
MPRegen 0.08/turn

%: no passive effects
@: on berserk cooldown, slowed, very slow
A: no striking features
a: Renounce Religion


You were on level 1 of the Dungeon.
You worshipped Xom.
You were a toy of Xom.
You visited 1 branch of the dungeon, and saw 1 of its levels.

Inventory:

Hand Weapons
 a - a +0 falchion of chaos (weapon)
 e - a +1 long sword of electrocution
Armour
 b - a +2 leather armour (worn)
 d - a +1 pair of gloves (worn)
Miscellaneous
 c - a piece from Xom's chessboard (11/15) (quivered)


   Skills:
 + Level 3.1 Fighting
 * Level 3.3 Long Blades
 - Level 2.0 Armour
 - Level 1.0 Dodging


You had one spell level left.
You didn't know any spells.
Your spell library was empty.

Dungeon Overview and Level Annotations

Branches:
Dungeon (1/15)

Altars:


Message History

Okay, then.
Non-targeted evoke: piece from Xom's chessboard (15/15)
Press: ? - help, Q - select action Dir - look around, f - activate You make a move on Xom's chessboard...
The redback resists with some effort.
The redback barely misses you.
The redback bites you but does no damage.
Unknown command.
Non-targeted evoke: piece from Xom's chessboard (14/15)
Press: ? - help, Q - select action Dir - look around, f - activate You make a move on Xom's chessboard...
The endoplasm appears confused.
The redback changes into a shock serpent!
Unknown command.
Non-targeted evoke: piece from Xom's chessboard (13/15)
Press: ? - help, Q - select action Dir - look around, f - activate You make a move on Xom's chessboard...
The shock serpent easily resists.
The shock serpent closely misses you. The shock serpent barely misses you.
Unknown command.
Non-targeted evoke: piece from Xom's chessboard (12/15)
Press: ? - help, Q - select action Dir - look around, f - activate You make a move on Xom's chessboard...
The shock serpent easily resists.
The shock serpent bites you but does no damage.
The shock serpent bites you! The shock serpent shocks you!
Ouch! That really hurt!
* * * LOW HITPOINT WARNING * * *
You aren't carrying any potions.
Unknown command.
You hit the shock serpent but do no damage.
The shock serpent changes into a steelbarb worm!
You barely miss the steelbarb worm.
The steelbarb worm changes into an eye of devastation!
You hit the eye of devastation but do no damage.
You hit the eye of devastation but do no damage.
The eye of devastation is poisoned.
The eye of devastation changes into a two-headed ogre!
You hit the two-headed ogre but do no damage.
The two-headed ogre is lightly wounded.
The two-headed ogre hits you!
Ouch! That really hurt!
You die...
Xom titters!

#......# ..#### #
#......# .# ...#
.J#......##.### ##.###
##........#......#.....
...........####..#..###
#.P~P~~~PP.......#.##..
#.~...P..~.............
#.~.####.⌠...#......#.#
#.⌠.#_@OJ⌠...#.#.......
>.~.####.⌠.......####.#
#.~.....†..#.#......†.#
..~~~P~P~.#.##########
..............#....)).
.......####.#.#...####
...###. #.#.#...# ...
.. #.#.#...# .. ##.
#.#.#...#


You could see a two-headed ogre shaped shifter and an endoplasm.

Vanquished Creatures
  A bat (D:1)
  2 endoplasms (D:1)
  A quokka (D:1)
  A ball python (D:1)
  A goblin (D:1)
  A kobold (D:1)
7 creatures vanquished.

Vanquished Creatures (others)
  A fungus (D:1)
1 creature vanquished.

Grand Total: 8 creatures vanquished

Notes
Turn   | Place    | Note
-------+----------+-------------------------------------------
     0 | D:1      | LustLizard the Human Chaos Knight began the quest for the
                  | Orb.
     0 | D:1      | Reached XP level 1. HP: 18/18 MP: 1/1
   129 | D:1      | XOM: silly message
   155 | D:1      | Found a faded altar of an unknown god.
   162 | D:1      | Reached XP level 2. HP: 24/24 MP: 2/2
   175 | D:1      | a quokka changed into a glowing shapeshifter
   175 | D:1      | Noticed a glowing shapeshifter (glowing shapeshifter)
   175 | D:1      | a glowing shapeshifter changed into a dream sheep
   175 | D:1      | Noticed a dream sheep (glowing shapeshifter)
   177 | D:1      | XOM: potion effect (berserk rage)
   177 | D:1      | a dream sheep changed into a floating eye
   177 | D:1      | Noticed a floating eye (glowing shapeshifter)
   180 | D:1      | Paralysed by a floating eye for 4 turns
   181 | D:1      | XOM: noise
   183 | D:1      | a floating eye changed into an orb spider
   183 | D:1      | Noticed an orb spider (glowing shapeshifter)
   184 | D:1      | XOM: confuse monster(s)
   191 | D:1      | Noticed a redback
   193 | D:1      | a redback changed into a shock serpent
   193 | D:1      | Noticed a shock serpent (glowing shapeshifter)
   196 | D:1      | a shock serpent changed into a steelbarb worm
   196 | D:1      | Noticed a steelbarb worm (glowing shapeshifter)
   197 | D:1      | a steelbarb worm changed into an eye of devastation
   197 | D:1      | Noticed an eye of devastation (glowing shapeshifter)
   199 | D:1      | an eye of devastation changed into a two-headed ogre
   199 | D:1      | Noticed a two-headed ogre (glowing shapeshifter)
   200 | D:1      | Mangled by a two-headed ogre (glowing shapeshifter)

Illustrated notes

Levels and vault maps discovered:
D:1:      minmay_arrival_diagonal_passages, layout_basic,
          shapermc_ecumenical_altar_acropolis

Action                     || total
---------------------------++-------
  Melee: Falchion          ||    30
  Evoke: Piece from Xom's  ||     4
 Armour: Leather armour    ||     7
  Dodge: Dodged            ||    18

Table legend: (Time is in decaauts)
 A = Elapsed time spent in this place.
 B = Non-inter-level travel time spent in this place.
 C = Inter-level travel time spent in this place.
 D = Time resting spent in this place.
 E = Time spent auto-exploring this place.
 F = Levels seen in this place.
 G = Mean time per level.
                   A        B        C        D        E       F      G
               +--------+--------+--------+--------+--------+-----+--------+
         Total |    209 |    209 |      0 |     16 |    102 |   1 |  209.0 |
       Dungeon |    209 |    209 |      0 |     16 |    102 |   1 |  209.0 |
               +--------+--------+--------+--------+--------+-----+--------+

Top non-repeatable levels by time:
     D:1: 209 daAuts
